 Dungeon Crawl Stone Soup version 0.31-a0-986-g5e6e4ef867 (webtiles) character file.

Game seed: 13851852366286616532

1650 DocClef the Mimic (level 8, -1/57 HPs)
             Began as a Demonspawn Shapeshifter on Nov 5, 2023.
             Was a Believer of Hepliaklqana.
             Slain by an orc warrior
             ... wielding a +0 long sword
              (4 damage)
             ... on level 7 of the Dungeon.
             The game lasted 00:07:19 (4510 turns).

DocClef the Mimic (Demonspawn Shapeshifter)         Turns: 4510, Time: 00:07:19

Health: -1/57      AC:  5    Str: 16    XL:     8   Next: 67%
Magic:  8/8        EV: 11    Int: 13    God:    Hepliaklqana [**....]
Gold:   289        SH:  0    Dex: 14    Spells: 7/7 levels left

rFire   . .          .
                       - Unarmed
rCold   + . .        (no shield)
rNeg    + + .        q - +0 leather armour of the Trilobite {+Inv rC+ rN+ Dex+2}
rPois   .            (helmet currently unavailable)
rElec   .            (cloak currently unavailable)
rCorr   +            (gloves currently unavailable)
SInv    .            (boots currently unavailable)
Will    .....        (no amulet)
Stlth   +            i - ring of resist corrosion
HPRegen 0.29/turn    u - ring of positive energy
MPRegen 0.11/turn

%: no passive effects
@: beast-form
A: beast (slay +4), reduced essence, slimy green scales 1, demonic guardian 3,
powered by death 2, demonic touch 1
a: Begin Untransformation, Renounce Religion, Evoke Invisibility, Recall
Ancestor, Ancestor Identity


You were on level 7 of the Dungeon.
You worshipped Hepliaklqana.
Hepliaklqana was pleased with you.
You were a hulking beast.
You visited 1 branch of the dungeon, and saw 7 of its levels.

You collected 289 gold pieces.

Inventory:

Armour
 a - a +0 animal skin
 h - a +0 scale mail
 q - the +0 leather armour of the Trilobite (worn) {+Inv rC+ rN+ Dex+2}
   (You found it on level 2 of the Dungeon)

   Dex+2:     It affects your dexterity (+2).
   rC+:       It protects you from cold.
   rN+:       It protects you from negative energy.
   +Inv:      It lets you turn invisible.
Jewellery
 i - a ring of resist corrosion (left hand)
 l - a ring of wizardry
 m - an amulet of magic regeneration
 p - an amulet of faith
 u - a ring of positive energy (right hand)
Talismans
 c - a beast talisman
 d - a flux talisman
 C - a dragon-blood talisman
Wands
 o - a wand of polymorph (13)
 E - a wand of mindburst (6)
Scrolls
 e - a scroll of summoning {unknown}
 r - 3 scrolls of immolation
 s - 6 scrolls of identify {unknown}
 t - a scroll of amnesia {unknown}
 x - a scroll of acquirement {unknown}
 y - 2 scrolls of fog {unknown}
 z - a scroll of poison {unknown}
 G - a scroll of fear {unknown}
Potions
 b - a potion of lignification
 f - 2 potions of mutation {unknown}
 g - 2 potions of resistance {unknown}
 j - a potion of might {unknown}
 k - 5 potions of enlightenment {unknown}
 n - a potion of berserk rage {unknown}
 v - a potion of heal wounds {unknown}
 w - 2 potions of curing {unknown}
 A - a potion of degeneration {unknown}
 B - a potion of ambrosia {unknown}
 D - a potion of attraction {unknown}
 F - a potion of brilliance {unknown}


   Skills:
 - Level 6.0 Fighting
 - Level 1.7 Dodging
 + Level 3.5 Unarmed Combat
 + Level 8.0 Shapeshifting


You had 7 spell levels left.
You didn't know any spells.
Your spell library contained the following spells:

 Spells                   Type           Power      Damage    Failure   Level
 Freeze                   Ice            0%         1d3       36%         1
 Magic Dart               Conj           0%         1d3       36%         1
 Sandblast                Erth           0%         2d4       36%         1
 Call Imp                 Summ           0%         N/A       50%         2
 Ensorcelled Hibernation  Hex/Ice        0%         N/A       50%         2
 Jinxbite                 Hex            0%         N/A       50%         2
 Passwall                 Tmut/Erth      0%         N/A       50%         2
 Scorch                   Fire           0%         2d5       50%         2
 Frozen Ramparts          Ice            0%         1d1       75%         3
 Hailstorm                Conj/Ice       0%         3d3       75%         3
 Mephitic Cloud           Conj/Pois/Air  0%         N/A       75%         3
 Stone Arrow              Conj/Erth      0%         3d7       75%         3
 Tukima's Dance           Hex            0%         N/A       75%         3
 Anguish                  Hex/Necr       0%         N/A       98%         4
 Brom's Barrelling Bould  Conj/Erth      0%         2d3       98%         4
 Dimensional Bullseye     Hex/Tloc       0%         N/A       98%         4
 Flame Wave               Conj/Fire      0%         2d4       98%         4
 Iskenderun's Mystic Bla  Conj/Tloc      0%         2d3       98%         4
 Summon Cactus Giant      Summ           0%         N/A       100%        6


Dungeon Overview and Level Annotations

Branches:
Dungeon (7/15)
 Temple: D:4-7

Altars:
Cheibriados
Hepliaklqana
Makhleb
Nemelex Xobeh
Okawaru
Vehumet
Wu Jian

Shops:
D:5 :


Innate Abilities, Weirdness & Mutations

You are a hulking beast.
Your limbs bulge with bestial killing power. (Slay +4)
Your life essence is reduced to manifest your ancestor. (-10% HP)
You are partially covered in slimy green scales. (AC +2)
A powerful demonic guardian rushes to your aid.
You regenerate health from kills.
Your touch may inflict minor irresistible damage on your foes.


Message History

You feel sick.
The water moccasin bites you but does no damage.
The water moccasin bites you.
You closely miss the water moccasin.
The water moccasin is severely wounded.
You feel sick. The water moccasin bites you.
You punch the water moccasin!
You kill the water moccasin!
You feel sick.
You are no longer poisoned.
You feel your dexterity returning.
Your Shapeshifting skill increases to level 8!
You barely miss the orc warrior.
The orc warrior hits you with a +0 long sword!
You hit the orc warrior but do no damage.
Your touch misses the orc warrior.
The orc warrior hits you but does no damage.
You hit the orc warrior.
The orc warrior is lightly wounded.
The orc warrior barely misses you.
You hit the orc warrior but do no damage.
Your touch misses the orc warrior.
The orc warrior is lightly wounded.
The orc warrior hits you with a +0 long sword.
You hit the orc warrior but do no damage.
The orc warrior is lightly wounded.
The orc warrior hits you with a +0 long sword!
* * * LOW HITPOINT WARNING * * *
You hit the orc warrior but do no damage.
The orc warrior is lightly wounded.
The orc warrior hits you with a +0 long sword!
* * * LOW HITPOINT WARNING * * *
A demonic guardian appears!
Unknown command.
Okay, then.
Unknown command.
You barely miss the orc warrior.
You touch the orc warrior!
The orc warrior is moderately wounded.
The orc warrior hits you with a +0 long sword.
You die...

#####..........# ####
## #...#...##+#+#.#
.......
#.#.#...##.#.#.#
.#.#.#. #.#.>........
# .......
#.#......#.#.#
.....#.##.###........
.................#####
.....#...3####.#.....
..>......soh.#.######
.....#...z##.#.#
........!.##.#.#
.#.#.##.####.#.## ##
#.#.......######.
#.#.......'.)....
#.#.......#######
#.#.......# #.......#


You could see an orc warrior (ally target), a scorpion, a wight and a friendly
smoke demon (summoned).

Vanquished Creatures
  A wyvern (D:5)
  A water moccasin (D:7)
  An ice beast (D:7)
  2 phantoms
  A bullfrog (D:6)
  2 scorpions
  A howler monkey (D:5)
  A quasit (D:6)
  3 hounds
  2 orc priests (D:3)
  3 jellies
  2 sleepcaps (D:6)
  Jessica (D:3)
  3 iguanas (D:5)
  A gnoll (D:7)
  6 adders
  3 shadow imps (D:6)
  4 ufetubi
  4 worms
  2 dart slugs (D:2)
  3 orcs
  9 ball pythons
  5 endoplasms
  4 giant cockroaches
  4 goblins
  4 hobgoblins
  4 jackals (D:4)
  6 quokkas
  6 bats
  2 frilled lizards
  9 kobolds
  9 rats
109 creatures vanquished.

Vanquished Creatures (collateral kills)
  A black bear (D:6)
  A bullfrog (D:6)
  A howler monkey (D:6)
  A quasit (D:6)
  A hound (D:6)
  2 gnolls (D:7)
  A shadow imp (D:6)
  4 white imps (D:6)
  2 ufetubi
  A worm (D:4)
15 creatures vanquished.

Vanquished Creatures (others)
  An ancestor (D:6)
  A battlemage (D:7)
2 creatures vanquished.

Grand Total: 126 creatures vanquished

Notes
Turn   | Place    | Note
-------+----------+-------------------------------------------
     0 | D:1      | DocClef the Demonspawn Shapeshifter began the quest for the
                  | Orb.
     0 | D:1      | Reached XP level 1. HP: 15/15 MP: 1/1
    48 | D:1      | Reached skill level 3 in Shapeshifting
    65 | D:1      | Gained mutation: Your touch may inflict minor irresistible
                  | damage on your foes. [demonic ancestry]
    65 | D:1      | Reached XP level 2. HP: 19/21 MP: 2/2
   988 | D:2      | Identified the +0 leather armour of the Trilobite {+Inv rC+
                  | rN+ Dex+2}
  1048 | D:2      | Gained mutation: You regenerate a little health from kills.
                  | [demonic ancestry]
  1048 | D:2      | Reached XP level 3. HP: 23/26 MP: 3/3
  1192 | D:2      | Found a faded altar of an unknown god.
  1452 | D:2      | Reached skill level 4 in Shapeshifting
  1699 | D:3      | Noticed a scorpion
  1708 | D:3      | Killed a scorpion
  1709 | D:3      | Gained mutation: You regenerate health from kills. [demonic
                  | ancestry]
  1709 | D:3      | Reached XP level 4. HP: 26/32 MP: 4/4
  1840 | D:3      | Gained mutation: You are partially covered in slimy green
                  | scales. (AC +2) [demonic ancestry]
  1840 | D:3      | Reached XP level 5. HP: 31/37 MP: 5/5
  1902 | D:3      | Noticed Jessica
  1909 | D:3      | Killed Jessica
  1910 | D:3      | Reached skill level 5 in Shapeshifting
  2337 | D:4      | Noticed a phantom
  2346 | D:4      | Killed a phantom
  2347 | D:4      | Gained mutation: A weak demonic guardian rushes to your
                  | aid. [demonic ancestry]
  2347 | D:4      | Reached XP level 6. HP: 38/43 MP: 6/6
  2384 | D:4      | Found an ornate altar of the Wu Jian Council.
  2418 | D:4      | Reached skill level 6 in Shapeshifting
  2516 | D:4      | Found a hazy altar of Hepliaklqana.
  2587 | D:4      | Became a worshipper of Hepliaklqana the Forgotten
  2733 | D:4      | Found a burning altar of Makhleb.
  2930 | D:5      | Entered Level 5 of the Dungeon
  3119 | D:5      | Gained mutation: A demonic guardian rushes to your aid.
                  | [demonic ancestry]
  3119 | D:5      | Reached XP level 7. HP: 45/48 MP: 7/7
  3136 | D:5      | Found Ruemouck's Book Emporium.
  3177 | D:5      | Reached skill level 7 in Shapeshifting
  3265 | D:5      | Reached * piety under Hepliaklqana
  3278 | D:5      | Noticed a wyvern
  3284 | D:5      | Killed a wyvern
  3602 | D:5      | Found a snail-covered altar of Cheibriados.
  3837 | D:6      | Found a radiant altar of Vehumet.
  3865 | D:6      | Gained mutation: A powerful demonic guardian rushes to your
                  | aid. [demonic ancestry]
  3865 | D:6      | Reached XP level 8. HP: 52/54 MP: 8/8
  3876 | D:6      | Reached skill level 5 in Fighting
  4038 | D:6      | Found an iron altar of Okawaru.
  4077 | D:6      | Reached ** piety under Hepliaklqana
  4078 | D:6      | Remembered your ancestor Hrodulf as a battlemage
  4257 | D:6      | Found a sparkling altar of Nemelex Xobeh.
  4504 | D:7      | Reached skill level 8 in Shapeshifting
  4510 | D:7      | Slain by an orc warrior

Illustrated notes

Levels and vault maps discovered:
D:1:      dpeg_arrival_central, layout_loops_ring
D:2:      layout_basic, hellmonk_ecumenical_altar_blasted
D:3:      layout_basic, uniq_jessica
D:4:      layout_rooms, kennysheep_little_box, tso_oasis_becter,
          mainiacjoe_overflow_six_doors_small, makhleb_heckhound_becter,
          nzn_wu_jian_contemplation
D:5:      layout_basic, slow_altar_1, serial_shops,
          nicolae_shop_pleasant_corner_grove, kennysheep_generic_room_3
D:6:      layout_basic, nemelex_diamond_rough_becter,
          nicolae_overflow_crystal_walls, mainiacjoe_overflow_boulevard,
          serial_demonic, serial_demonic_b, serial_demonic_g, serial_demonic_f,
          serial_demonic_a, minivault_19, minmay_misc_feat_x
D:7:      nzn_winding_woodlands_cross [nzn_winding_woodlands_5x15_sawtooth,
          nzn_winding_woodlands_5x15_twine, nzn_winding_woodlands_5x15_zeroes,
          nzn_winding_woodlands_5x15_lazy_stream,
          nzn_winding_woodlands_15x15_thick_spiral], layout_basic,
          nicolae_qazlal_style_of_elements, mainiacjoe_overflow_swirl,
          minmay_temple_entry_junction, st_stairs_4, uniq_prince_ribbit1

Skill      XL: |  1  2  3  4  5  6  7  8 |
---------------+-------------------------+-----
Shapeshifting  | 3 4 5 6 7 8 |  8.0
Fighting       | 4 6 |  6.0
Unarmed Combat | 3 |  3.5
Dodging        | |  1.7

Action                     |  1- 3 |  4- 6 |  7- 9 || total
---------------------------+-------+-------+-------++-------
  Melee: Unarmed           |   108 |   141 |   118 ||   367
         Touch             |    11 |    23 |    31 ||    65
         Punch             |       |       |     4 ||     4
 Invoke: Ancestor Life: Ba |       |       |     1 ||     1
   Stab: Sleeping          |     1 |     1 |       ||     2
         Distracted        |       |     1 |       ||     1
 Armour: Animal skin       |    25 |       |       ||    25
         Scale mail        |    13 |       |       ||    13
         Leather armour    |    23 |    65 |   138 ||   226
  Dodge: Dodged            |    75 |    58 |    91 ||   224

Table legend: (Time is in decaauts)
 A = Elapsed time spent in this place.
 B = Non-inter-level travel time spent in this place.
 C = Inter-level travel time spent in this place.
 D = Time resting spent in this place.
 E = Time spent auto-exploring this place.
 F = Levels seen in this place.
 G = Mean time per level.
                   A        B        C        D        E       F      G
               +--------+--------+--------+--------+--------+-----+--------+
         Total |   4494 |   4348 |    146 |    107 |   3409 |   7 |  642.0 |
       Dungeon |   4494 |   4348 |    146 |    107 |   3409 |   7 |  642.0 |
               +--------+--------+--------+--------+--------+-----+--------+

Top non-repeatable levels by time:
     D:2: 869 daAuts
     D:1: 805 daAuts
     D:5: 761 daAuts
     D:6: 717 daAuts
     D:3: 655 daAuts
     D:4: 590 daAuts
     D:7: 95 daAuts
